 Dungeon Crawl Stone Soup version 0.19-a0-981-gaae9137 (webtiles) character file.

200 ololoev the Ducker (level 5, -1/46 HPs)
             Began as a Deep Dwarf Enchanter on July 14, 2016.
             Slain by an orc
             ... wielding a +0 mace
              (4 damage)
             ... on level 3 of the Dungeon.
             The game lasted 00:04:39 (1748 turns).

ololoev the Ducker (Deep Dwarf Enchanter)           Turns: 1748, Time: 00:04:40

Health: -1/46      AC: 11    Str: 12    XL:     5   Next: 48%
Magic:  16/16      EV:  4    Int: 16    God:
Gold:   54         SH:  0    Dex: 13    Spells: 2 memorised, 4 levels left

rFire  . . .     SeeInvis .     a - +2 dagger (venom)
rCold  + . .     Gourm    .     n - +0 plate armour
rNeg   . . .     Faith    .     (no shield)
rPois  .         Spirit   .     (no helmet)
rElec  .         Dismiss  +     (no cloak)
rCorr  .         Reflect  .     (no gloves)
SustAt .         Harm     .     (no boots)
MR     .....                    h - amulet of dismissal
Stlth  ..........               o - ring of magical power
                                j - ring of protection from cold

@: non-regenerating, drained, not resistant to hostile enchantments, extremely
unstealthy
A: damage resistance, recharge devices, sense surroundings 1, slow regeneration
3
a: Device Recharging


Innate Abilities, Weirdness & Mutations

You are resistant to damage.
You can recharge devices by infusing magical energy.
You passively map a small area around you.
You do not regenerate naturally.

Inventory:

Hand Weapons
 a - a +2 dagger of venom (weapon)
 e - a +1 dagger
 u - a +0 war axe
Armour
 n - a +0 plate armour (worn)
Jewellery
 h - an amulet of dismissal (around neck)
 j - a ring of protection from cold (left hand)
 o - a ring of magical power (right hand)
 r - an uncursed amulet of rage {unknown}
Wands
 d - a wand of heal wounds (4/9)
Scrolls
 g - 2 scrolls of enchant armour {unknown}
 i - a scroll of fear {unknown}
 k - a scroll of teleportation {unknown}
 q - 3 scrolls of remove curse {unknown}
Potions
 b - 3 potions of cancellation {unknown}
 l - 2 potions of haste {unknown}
 t - a potion of curing {unknown}
Books
 c - a book of Maledictions

   Spells                             Type                      Level
   a - Corona                         Hexes                        1
   b - Ensorcelled Hibernation        Hexes/Ice                    2
   c - Confuse                        Hexes                        3
   d - Tukima's Dance                 Hexes                        3
   e - Dazzling Spray                 Conjuration/Hexes            3
Comestibles
 f - 2 bread rations
 m - a royal jelly
 p - a meat ration
 s - a beef jerky
 v - 3 chunks of flesh


   Skills:
 + Level 2.4(2.2) Fighting
 - Level 0.8(0.6) Short Blades
 * Level 1.2(1.0) Axes
 + Level 3.1(2.8) Armour
 + Level 3.9(3.7) Dodging
 - Level 3.6(3.4) Stealth
 - Level 1.7(1.5) Spellcasting
 - Level 2.4(2.2) Hexes


You had 4 spell levels left.
You knew the following spells:

 Your Spells              Type           Power        Failure   Level  Hunger
a - Corona                Hex            #......      100%        1    ##.....
b - Ensorcelled Hibernat  Hex/Ice        #.....       100%        2    ###....


You were on level 3 of the Dungeon.
You were not hungry.

You visited 1 branch of the dungeon, and saw 3 of its levels.

You collected 54 gold pieces.

####,* , ......#* * *
......#* * * * , , * ,
#.....##. * #........ *
, #.....# # , ,
,#.....# * ..*#.# * ,,,
##.....# * ..##.#####
#oo....#
.........#######@#.#.##
*
.........##....#.#.#.#
.........##....#.#.# .,
..............('.#.., #
,*
..........#...)###.#* *
..........#.......##
..........#...........
,
..........#.#.###.....
...####.#.#.#.# #...#

Notes
Turn   | Place    | Note
-------+----------+-------------------------------------------
     0 | D:1      | ololoev the Deep Dwarf Enchanter began the quest for the Orb.
     0 | D:1      | Reached XP level 1. HP: 15/15 MP: 3/3
   108 | D:1      | Reached XP level 2. HP: 19/24 MP: 0/4
   135 | D:1      | Learned a level 2 spell: Ensorcelled Hibernation
   162 | D:1      | Reached skill level 1 in Armour
   226 | D:1      | Reached skill level 1 in Fighting
   404 | D:1      | Reached XP level 3. HP: 18/31 MP: 2/5
   896 | D:2      | Noticed Natasha
  1000 | D:2      | Killed Natasha
  1011 | D:2      | Reached XP level 4. HP: 28/39 MP: 1/6
  1200 | D:2      | Noticed Natasha
  1208 | D:2      | Killed Natasha
  1219 | D:2      | Found a sparkling altar of Nemelex Xobeh.
  1228 | D:2      | Noticed Natasha
  1237 | D:2      | Killed Natasha
  1237 | D:2      | Reached XP level 5. HP: 30/45 MP: 7/7
  1711 | D:3      | Reached skill level 1 in Axes
  1748 | D:3      | Slain by an orc

Dungeon Overview and Level Annotations

Branches:
Dungeon (3/15)

Altars:
Nemelex Xobeh


Message History

You miss the goblin.
The goblin is severely wounded.
The goblin hits you but does no damage.
You closely miss the goblin.
The goblin is severely wounded.
The goblin hits you but does no damage.
You hit the goblin.
You kill the goblin!
The bat hits you but does no damage. x2
You hit the bat.
You kill the bat!
There is a stone staircase leading down here.
You see here a dagger.
A worm comes into view.
A worm is nearby!
A worm is nearby!
A worm is nearby!
You are too injured to fight recklessly!
Found a fuming brown potion.
The worm bites you but does no damage.
You hit the worm but do no damage.
The worm is poisoned.
Your plate armour prevents you from hitting the worm.
The worm bites you.
You hit the worm.
The worm looks as sick as possible!
The worm is moderately wounded.
The worm bites you but does no damage.
You barely miss the worm.
The worm is moderately wounded.
You hit the worm.
The worm looks as sick as possible!
The worm is severely wounded.
The worm bites you but does no damage.
You kill the worm!
Your Axes skill increases to level 1!
l - 2 fuming brown potions (gained 1)
Found 20 bolts.
An orc comes into view. It is wielding a short sword.
Found an escape hatch in the floor.
The orc hits you but does no damage.
You hit the orc.
The orc is poisoned.
The orc is heavily wounded.
The orc hits you but does no damage.
You barely miss the orc.
The orc is almost dead.
The orc hits you but does no damage.
You hit the orc but do no damage.
The orc looks as sick as possible!
The orc is severely wounded.
You kill the orc!
You see here 20 bolts.
You open the door.
There is an open door here.
Things that are here:
a short sword; a ring mail; an orc corpse
There is an open door here. 2 orcs and an orc priest come into view.
The orc priest is wielding a hand axe of draining.
The orc shouts! x2
The orc moves out of view.
An orc wizard comes into view. It is wielding a dagger.
The orc wizard shouts!
The orc wizard moves out of view.
Press: ? - help, v - describe, . - travel
Here: an orc priest, wielding a hand axe of draining and wearing a chain mail The floor.
You hit the orc priest but do no damage.
The orc priest is poisoned.
The orc priest hits you but does no damage.
You feel drained.
You hit the orc priest but do no damage.
The orc priest looks as sick as possible!
You hit the orc.
The orc is poisoned.
The orc is severely wounded.
The orc barely misses you.
The orc priest mumbles some strange prayers to Beogh against you.
Beogh smites you! The orc hits you but does no damage.
You kill the orc!
You hit the orc priest.
The orc priest is heavily wounded.
The orc priest mumbles some strange prayers to Beogh against you.
Beogh smites you! The orc hits you with a mace.
You die...

You could see an orc priest and an orc.

Vanquished Creatures
  Natasha (thrice) (D:2)
  5 adders
  3 oozes
  2 worms
  A dart slug (D:1)
  A giant gecko (D:3)
  3 orcs
  8 bats
  3 giant cockroaches
  7 goblins
  9 hobgoblins
  A giant newt (D:1)
  6 kobolds
  5 rats
57 creatures vanquished.

Action                   |  1- 3 |  4- 6 || total
-------------------------+-------+-------++-------
Melee: Dagger            |    72 |   110 ||   182
 Cast: Corona            |     4 |       ||     4
       Ensorcelled Hiber |     9 |       ||     9
Evoke: Wand              |     1 |       ||     1
 Stab: Sleeping          |    11 |       ||    11
  Eat: Chunk             |     1 |     3 ||     4
Armor: Robe              |    21 |     2 ||    23
       Plate armour      |       |    72 ||    72
Dodge: Dodged            |    45 |    18 ||    63

Vault maps used:
D:1:      saegor_arrival_simple_e, st_stairs_1
D:2:      first_bread, nemelex_dance_club_becter, uniq_natasha
D:3:      tgw_trog, lemuel_round_altar, ecumenical_altar_2,
          minmay_misc_feat_encased, grunt_dithmenos_smoke_and_mirrors
